 Dungeon Crawl Stone Soup version 0.25-a0-420-g1cc7eeb0d1 (webtiles) character file.

Game seed: 10459745986914287820, levelgen mode: deterministic

63 Esekla the Gusty (level 4, 0/31 HPs)
             Began as a Human Air Elementalist on Jan 19, 2020.
             Succumbed to an adder's poison
             ... on level 2 of the Dungeon.
             The game lasted 00:11:56 (1376 turns).

Esekla the Gusty (Human Air Elementalist)           Turns: 1376, Time: 00:11:57

Health: 0/31       AC:  3    Str:  9    XL:     4   Next: 30%
Magic:  5/7        EV: 13    Int: 16    God:
Gold:   76         SH:  0    Dex: 16    Spells: 6/7 levels left

rFire    . . .     SeeInvis .   b - +0 dagger
rCold    . . .     Gourm    .   (no shield)
rNeg     . . .     Faith    .   a - +0 robe
rPois    .         Spirit   .   (no helmet)
rElec    .         Reflect  .   (no cloak)
rCorr    .         Harm     .   (no gloves)
MR       .....                  r - +0 pair of boots
Stlth    +++.......             (no amulet)
HPRegen  0.10/turn              d - ring of stealth
MPRegen  0.10/turn              j - +3 ring of dexterity

@: lethally poisoned (0 -> -6), very slightly contaminated, invisible
A: no striking features
a: no special abilities


You were on level 2 of the Dungeon.
You were very hungry.

You visited 1 branch of the dungeon, and saw 3 of its levels.

You collected 76 gold pieces.

Inventory:

Hand Weapons
 b - a +0 dagger (weapon)
 n - a +2 antimagic rapier
Armour
 a - a +0 robe (worn)
 r - a +0 pair of boots (worn)
Jewellery
 d - a ring of stealth (left hand)
 j - a +3 ring of dexterity (right hand)
Scrolls
 e - 2 scrolls of teleportation {unknown}
 f - 2 scrolls of enchant armour {unknown}
 i - a scroll of random uselessness {unknown}
 k - 3 scrolls of identify {unknown}
 q - a scroll of remove curse {unknown}
Potions
 h - a potion of heal wounds {unknown}
 l - a potion of might {unknown}
 m - a potion of cancellation {unknown}
 o - a potion of flight {unknown}
 p - a potion of brilliance {unknown}
Comestibles
 c - 3 rations


   Skills:
 + Level 0.7 Fighting
 + Level 0.8 Short Blades
 * Level 2.7 Dodging
 - Level 2.0 Stealth
 + Level 2.2 Spellcasting
 + Level 1.5 Conjurations
 + Level 3.6 Air Magic


You had 6 spell levels left.
You knew the following spells:

 Your Spells              Type           Power        Failure   Level  Hunger
a - Shock                 Conj/Air       ##..         7%          1    #......

Your spell library contained the following spells:

 Spells                   Type           Power        Failure   Level  Hunger
 Swiftness                Chrm/Air       #.......     14%         2    ###....
 Static Discharge         Conj/Air       ##......     22%         3    ###....
 Airstrike                Air            ##........   41%         4    #####..
 Lightning Bolt           Conj/Air       ##........   89%         5    ######.


Dungeon Overview and Level Annotations

Branches:
Dungeon (3/15)

Altars:
Uskayaw


Message History

You feel sick. The adder misses you.
* * * LOW HITPOINT WARNING * * *
You feel sick.
* * * LOW HITPOINT WARNING * * *
You feel sick.
Casting: Shock (safe; 7% risk of failure)
Confirm with . or Enter, or press ? or * to list all spells.
Aiming: Shock (safe; 7% risk of failure)
Press: ? - help, Shift-Dir - straight line You miscast Shock.
You are very lightly contaminated with residual magic.
You feel a strange surge of energy! The adder bites you.
* * * LOW HITPOINT WARNING * * *
The adder completely misses you.
Casting: Shock (safe; 7% risk of failure)
Confirm with . or Enter, or press ? or * to list all spells.
Okay, then.
It was a potion of invisibility.
You fade into invisibility!
You die...

..##..........# #.##........#
..##.....#.#..######.##........#
..##..............##.##.....>..#
........####......##.##........#
..?...............#..##........#
........#####..................#
......#### #######.###........#
....[....####.......# #........#
##....##...##..S@...# #........#
#....####$.........# #........#
#....# ####.......# ##########
#....# #.......# ######
#.......# #.......# #########


You could see an adder.

Vanquished Creatures
  A howler monkey skeleton (D:2)
  A gnoll (D:1)
  A dart slug (D:1)
  2 ball pythons (D:1)
  5 bats
  3 giant cockroaches (D:1)
  10 goblins
  4 hobgoblins
  4 frilled lizards
  4 kobolds (D:1)
  7 rats
42 creatures vanquished.

Notes
Turn   | Place    | Note
-------+----------+-------------------------------------------
     0 | D:1      | Esekla the Human Air Elementalist began the quest for the
                  | Orb.
     0 | D:1      | Reached XP level 1. HP: 13/13 MP: 3/3
   354 | D:1      | Reached XP level 2. HP: 19/19 MP: 5/5
   492 | D:1      | Reached XP level 3. HP: 20/24 MP: 6/6
  1059 | D:3      | Reached XP level 4. HP: 31/31 MP: 4/7
  1130 | D:3      | Found a hide-covered altar of Uskayaw.
  1375 | D:2      | HP: 1/31 [adder (3)]
  1376 | D:2      | Succumbed to an adder's poison

Levels and vault maps discovered:
D:1:      roderic_octagonal_star, layout_loops_ring, serial_bayou_ford_a
D:2:      layout_rooms, lemuel_crystal_altar
D:3:      layout_loops_cross, eat_drink_and_be_merry_uskayaw, tso_metal_star,
          uniq_ijyb

Action                   |  1- 3 |  4- 6 || total
-------------------------+-------+-------++-------
Melee: Dagger            |    48 |     6 ||    54
 Cast: Shock             |    32 |     9 ||    41
  Use: Potion            |       |     1 ||     1
 Stab: Sleeping          |     9 |     1 ||    10
  Eat: Chunk             |     1 |       ||     1
Armor: Robe              |     9 |     2 ||    11
Dodge: Dodged            |    32 |    12 ||    44

Table legend:
 A = Non-vault XP
 B = Vault XP
 C = Vault XP percentage of total XP
 D = Non-vault monster count
 E = Vault monster count
 F = Vault count percentage of total count
                 A         B        C        D         E       F
            +---------+---------+-------+---------+---------+-------
      Total |      90 |       0 |   0.0 |      42 |       0 |   0.0
            +---------+---------+-------+---------+---------+-------
        D:1 |      64 |       0 |   0.0 |      32 |       0 |   0.0
        D:2 |      20 |       0 |   0.0 |       6 |       0 |   0.0
        D:3 |       6 |       0 |   0.0 |       4 |       0 |   0.0
            +---------+---------+-------+---------+---------+-------
